 Dungeon Sprint DCSS version 0.23.2-1-ga50397a6bc (webtiles) character file.

Game seed: 15798861007819139528

974 Kobolds4U the Covert (level 7, -2/39 HPs)
             Began as a Spriggan Assassin on May 22, 2019.
             Was a Follower of Dithmenos.
             Killed from afar by a smoke demon (8 damage)
             ... with a sticky flame
             ... summoned by a kobold demonologist
             ... in the Dungeon (Sprint I: "Red Sonja").
             The game lasted 00:02:02 (498 turns).

Kobolds4U the Covert (Spriggan Assassin)             Turns: 498, Time: 00:02:04

Health: -2/39      AC:  3    Str:  7    XL:     7   Next: 95%
Magic:  10/11      EV: 29    Int: 12    God:    Dithmenos [*.....]
Gold:   273        SH:  0    Dex: 20    Spells: 6/6 levels left

rFire    . . .     SeeInvis +   b - +0 blowgun
rCold    . . .     Gourm    .   (shield restricted)
rNeg     . . .     Faith    .   c - +0 robe
rPois    .         Spirit   .   (helmet restricted)
rElec    .         Reflect  .   d - +0 cloak
rCorr    .         Harm     .   (gloves unavailable)
MR       +....     NoTele   +   (boots unavailable)
Stlth    +++.......             (no amulet)
HPRegen  0.13/turn              (no ring)
MPRegen  0.12/turn              (no ring)

@: liquid flames, glowing, very quick
A: very small, unfitting armour, see invisible, herbivore, speed 3, slow
metabolism 2
a: Renounce Religion


You were in the Dungeon.
You worshipped Dithmenos.
Dithmenos was aware of your devotion.
You were not hungry.

You visited 1 branch You collected 405 gold pieces.
You spent 132 gold pieces at shops.

Inventory:

Hand Weapons
 a - a +2 dagger
 b - a +0 blowgun (weapon)
Missiles
 e - 6 poisoned needles (quivered)
 f - 2 curare-tipped needles
Armour
 c - a +0 robe (worn)
 d - a +0 cloak (worn)
Scrolls
 m - a scroll of blinking
Potions
 h - a potion of curing
 i - 2 potions of heal wounds
 j - a potion of haste
 k - 2 potions of magic
 l - a potion of berserk rage
 n - a potion of flight
 o - a potion of agility
Comestibles
 g - 2 rations


   Skills:
 - Level 5.5 Fighting
 - Level 10.1 Short Blades
 - Level 2.0 Throwing
 + Level 11.7 Dodging
 - Level 14.5 Stealth
 + Level 5.2 Invocations


You had 6 spell levels left.
You didn't know any spells.
Your spell library was empty.

Dungeon Overview and Level Annotations

Branches:
Dungeon (1/1)

Altars:
Cheibriados
Dithmenos
Elyvilon
Fedhas
Gozag
Hepliaklqana
Kikubaaqudgha
Makhleb
Nemelex Xobeh
Okawaru
Qazlal
Ru
Sif Muna
Trog
Uskayaw
Vehumet
Wu Jian
Xom
Yredelemnul
Zin
The Shining One
Jiyva
Lugonu

Shops:
D !


Innate Abilities, Weirdness & Mutations

You are very small and have problems with some larger weapons.
You are too small for most types of armour.
You have supernaturally acute eyesight. (SInv)
You are a herbivore.
You cover ground extremely quickly.
You need to consume almost no food.


Message History

The ufetubus hits you but does no damage.
The ynoxinul completely misses you. The smoke demon closely misses you.
The smoke demon barely misses you. The smoke demon completely misses you.
Firing (i - inventory. (/) - cycle)
e - 7 poisoned needles (quivered)
Press: ? - help, Shift-Dir - straight line, f/p - kobold demonologist
Aim: a kobold demonologist, wielding a +0 dagger and wearing a +0 robe (heavily wounded, umbra)
You shoot a poisoned needle.
The poisoned needle barely misses the kobold demonologist.
You are covered in liquid flames!
* * * LOW HITPOINT WARNING * * *
The ufetubus completely misses you. The ufetubus misses you.
The ufetubus completely misses you.
The ufetubus hits you but does no damage.
The kobold demonologist hits you with a +0 dagger.
* * * LOW HITPOINT WARNING * * *
The ynoxinul barely misses you. The smoke demon gestures at you.
The sticky flame hits you!
You are covered in liquid flames!
You die...

###################
..#.)'..#__#..53@5#
.)'..#..'..'..#3K5#
#'#####'#__####.(.+
..#...#.#### #####
###..##)# __##'#_.+
...†..._# __##_.#+#
__###+#


You could see a kobold demonologist, a smoke demon, a ynoxinul and 3 ufetubi.

Vanquished Creatures
  A kobold demonologist (D)
  A slime creature (D)
  Sigmund (D)
  A yak (D)
  A floating eye (D)
  An ogre (D)
  A jelly (D)
  Ijyb (D)
8 creatures vanquished.

Notes
Turn   | Place    | Note
-------+----------+-------------------------------------------
     0 | D        | Kobolds4U the Spriggan Assassin began the quest for the
                  | Orb.
     0 | D        | Reached XP level 1. HP: 10/10 MP: 2/2
     1 | D        | Noticed Ijyb
    31 | D        | Killed Ijyb
    31 | D        | Reached skill level 10 in Stealth
    31 | D        | Reached XP level 2. HP: 2/14 MP: 3/3
   321 | D        | Noticed an ogre
   324 | D        | Killed an ogre
   324 | D        | Reached skill level 14 in Stealth
   324 | D        | Reached XP level 3. HP: 18/18 MP: 4/4
   324 | D        | Reached XP level 4. HP: 22/22 MP: 5/5
   335 | D        | Noticed Sigmund
   338 | D        | Killed Sigmund
   338 | D        | Reached skill level 5 in Dodging
   338 | D        | Reached XP level 5. HP: 29/29 MP: 6/6
   350 | D        | Found an ornate altar of the Wu Jian Council.
   350 | D        | Found a deep blue altar of Sif Muna.
   352 | D        | Found a radiant altar of Vehumet.
   356 | D        | Reached XP level 6. HP: 33/33 MP: 7/7
   358 | D        | Found Mef Ippesh's Distillery.
   358 | D        | Found an ancient bone altar of Kikubaaqudgha.
   358 | D        | Found a hazy altar of Hepliaklqana.
   358 | D        | Found a stormy altar of Qazlal.
   358 | D        | Found a hide-covered altar of Uskayaw.
   358 | D        | Found a blossoming altar of Fedhas.
   358 | D        | Found a bloodstained altar of Trog.
   358 | D        | Found an iron altar of Okawaru.
   358 | D        | Found a basalt altar of Yredelemnul.
   358 | D        | Found a glowing golden altar of the Shining One.
   358 | D        | Found a snail-covered altar of Cheibriados.
   358 | D        | Found a sacrificial altar of Ru.
   358 | D        | Found a glowing silver altar of Zin.
   358 | D        | Found a shadowy altar of Dithmenos.
   358 | D        | Found a white marble altar of Elyvilon.
   358 | D        | Noticed a yak
   400 | D        | Killed a yak
   401 | D        | Found an opulent altar of Gozag.
   402 | D        | Found a sparkling altar of Nemelex Xobeh.
   410 | D        | Bought a potion of heal wounds for 55 gold pieces
   410 | D        | Bought a potion of flight for 33 gold pieces
   410 | D        | Bought a potion of agility for 44 gold pieces
   412 | D        | Became a worshipper of Dithmenos the Shadowed
   443 | D        | Found a burning altar of Makhleb.
   443 | D        | Found a viscous altar of Jiyva.
   443 | D        | Found a shimmering altar of Xom.
   443 | D        | Found a corrupted altar of Lugonu.
   443 | D        | Noticed a slime creature
   446 | D        | Killed a slime creature
   446 | D        | Reached skill level 5 in Fighting
   446 | D        | Reached skill level 10 in Short Blades
   446 | D        | Reached XP level 7. HP: 39/39 MP: 8/8
   458 | D        | Noticed a kobold demonologist
   459 | D        | Noticed a kobold demonologist
   461 | D        | Reached skill level 10 in Dodging
   463 | D        | Killed a kobold demonologist
   463 | D        | Reached * piety under Dithmenos
   463 | D        | Reached skill level 5 in Invocations
   480 | D        | Noticed a smoke demon
   484 | D        | Noticed a ynoxinul
   498 | D        | Killed from afar by a smoke demon

Skill      XL: |  1  2  3  4  5  6  7 |
---------------+----------------------+-----
Stealth        | 10 14 | 14.5
Fighting       | 3 5 |  5.5
Short Blades   | 6 7 10 | 10.1
Dodging        | 5 6 9 11 | 11.7
Invocations    | 5 |  5.2
Throwing       | |  2.0

Action                   |  1- 3 |  4- 6 |  7- 9 || total
-------------------------+-------+-------+-------++-------
Melee: Dagger            |    21 |    45 |    34 ||   100
 Fire: Blowgun           |     3 |       |     2 ||     5
 Stab: Sleeping          |     1 |     3 |     2 ||     6
Armor: Robe              |     2 |     1 |     4 ||     7
Dodge: Dodged            |    12 |    24 |    40 ||    76
